 Dungeon Crawl Stone Soup version 0.28.0-43-g3370ac3207 (webtiles) character file.

Game seed: 9897122238144622106

2 pkoi the Gusty (level 1, -2/14 HPs)
             Began as a Demigod Air Elementalist on Mar 24, 2022.
             Slain by a hobgoblin (3 damage)
             ... on level 1 of the Dungeon.
             The game lasted 00:00:31 (93 turns).

pkoi the Gusty (Demigod Air Elementalist)             Turns: 93, Time: 00:00:31

Health: -2/14      AC:  2    Str:  9    XL:     1   Next: 26%
Magic:  0/5        EV: 12    Int: 17    God:
Gold:   0          SH:  0    Dex: 14    Spells: 2/3 levels left

rFire   . . .      SeeInvis .   d - +0 club
rCold   . . .      Faith    .   (no shield)
rNeg    . . .      Spirit   .   a - +0 robe
rPois   .          Reflect  .   (no helmet)
rElec   .          Harm     .   (no cloak)
rCorr   .          Rampage  .   (no gloves)
Will    .....                   (no boots)
Stlth   ++........              (no amulet)
HPRegen 0.04/turn               (no ring)
MPRegen 0.09/turn               (no ring)

@: no status effects
A: high MP 1, forlorn, divine attributes
a: no special abilities


You were on level 1 of the Dungeon.
You visited 1 branch of the dungeon, and saw 1 of its levels.

Inventory:

Hand Weapons
 d - a +0 club (weapon)
Missiles
 c - 5 poisoned darts
Armour
 a - a +0 robe (worn)
Jewellery
 b - a +4 ring of evasion


   Skills:
 - Level 1.7 Dodging
 - Level 1.7 Stealth
 - Level 1.7 Spellcasting
 - Level 0.8 Conjurations
 + Level 2.9 Air Magic


You had 2 spell levels left.
You knew the following spells:

 Your Spells              Type           Power      Damage    Failure   Level
a - Shock                 Conj/Air       28%        1d4       10%         1

Your spell library contained the following spells:

 Spells                   Type           Power      Damage    Failure   Level
 Static Discharge         Conj/Air       7%         N/A       14%         2
 Swiftness                Air            11%        N/A       19%         3
 Airstrike                Air            5%         N/A       52%         4


Dungeon Overview and Level Annotations

Branches:
Dungeon (1/15)


Innate Abilities, Weirdness & Mutations

You have an increased reservoir of magic. (+10% MP)
You shall have no god before yourself.
Your divine heritage dramatically boosts your attributes as you level up.


Message History

The zap hits the kobold.
You kill the kobold!
The zap hits the rat.
The rat is severely wounded.
The hobgoblin hits you.
* * * LOW HITPOINT WARNING * * *
You see here a goblin corpse.
You closely miss the hobgoblin. The hobgoblin misses you.
The hobgoblin hits you.
* * * LOW HITPOINT WARNING * * *
You barely miss the hobgoblin. The hobgoblin hits you.
* * * LOW HITPOINT WARNING * * *
You closely miss the hobgoblin.
The hobgoblin hits you but does no damage.
You hit the hobgoblin.
The hobgoblin is severely wounded.
The hobgoblin hits you.
* * * LOW HITPOINT WARNING * * *
The hobgoblin hits you.
* * * LOW HITPOINT WARNING * * *
Aiming: Shock (safe; 10% risk of failure)
Press: ? - help, Q - select action, (/) - cycle Shift-Dir - straight line, f/p - hobgoblin
Aim: a hobgoblin (severely wounded, 68% to hit)
The zap misses the hobgoblin.
The zap misses the rat.
The hobgoblin hits you.
* * * LOW HITPOINT WARNING * * *
The rat bites you.
* * * LOW HITPOINT WARNING * * *
The rat closely misses you.
Aiming: Shock (safe; 10% risk of failure)
Press: ? - help, Q - select action, (/) - cycle Shift-Dir - straight line, p - hobgoblin The zap hits the rat.
The rat is severely wounded.
The zap hits the rat.
You kill the rat!
Aiming: Shock (safe; 10% risk of failure)
Press: ? - help, Q - select action, (/) - cycle Shift-Dir - straight line The zap misses the hobgoblin. x2
The hobgoblin hits you.
You die...

+.........+ ...
#.........# ...
#.......# #.#
##.....## ##.##
##...## .). ###'#####
#.# #.......## #.#
#.#......# #r#
#.#.###@.####†#
#######.....g.(..##.#
#.........#######...#
..#####...#.....#####
#...+...(.#
###.#..8.<# #.'.....#
#.#.....# #.#######


You could see a hobgoblin.

Vanquished Creatures
  A goblin (D:1)
  A kobold (D:1)
  A rat (D:1)
3 creatures vanquished.

Notes
Turn   | Place    | Note
-------+----------+-------------------------------------------
     0 | D:1      | pkoi the Demigod Air Elementalist began the quest for the
                  | Orb.
     0 | D:1      | Reached XP level 1. HP: 14/14 MP: 5/5
    93 | D:1      | Slain by a hobgoblin

Illustrated notes

Levels and vault maps discovered:
D:1:      minmay_arrival_solitary_statue, layout_loops_corners, serial_forest,
          infiniplex_forest_straight_3, infiniplex_forest_lined_room_,
          infiniplex_forest_clump_large, infiniplex_forest_straight_2,
          infiniplex_forest_corner_1, basic_ecumenical_altar

Action                   || total
-------------------------++-------
Melee: Club              ||     4
       Unarmed           ||     2
 Cast: Shock             ||     8
Armor: Robe              ||     1
Dodge: Dodged            ||     3
